 Dungeon Crawl Stone Soup version 0.20.0-15-g7f486f2 (webtiles) character file.

319 vishdafish the Shield-Bearer (level 6, 0/38 HPs)
             Began as a Gargoyle Fighter on June 21, 2017.
             Killed from afar by an orc wizard (8 damage)
             ... with a magic dart
             ... on level 3 of the Dungeon.
             The game lasted 00:05:29 (2333 turns).

vishdafish the Shield-Bearer (Gargoyle Fighter)     Turns: 2333, Time: 00:05:29

Health: 0/38       AC: 12    Str: 21    XL:     6   Next: 46%
Magic:  6/6        EV:  8    Int:  8    God:
Gold:   190        SH:  0    Dex: 10    Spells: 5/5 levels left

rFire    + . .     SeeInvis .   a - +1 flail
rCold    + . .     Gourm    .   c - +0 shield
rNeg     + . .     Faith    .   b - +0 scale mail
rPois    ∞         Spirit   .   (no helmet)
rElec    +         Reflect  .   q - scarf {rC+ rF+}
rCorr    +         Harm     .   v - +0 pair of gloves
MR       .....                  (no boots)
Stlth    ..........             (no amulet)
Regen    0.2/turn               j - ring of resist corrosion
MPRegen  0.1/turn               (no ring)

@: confused
A: negative energy resistance 1, electricity resistance, unbreathing,
petrification resistance, rot immunity, AC +4
a: no special abilities


You were on level 3 of the Dungeon.
You were hungry.

You visited 1 branch of the dungeon, and saw 3 of its levels.

You collected 190 gold pieces.

Inventory:

Hand Weapons
 a - a +1 flail (weapon)
Armour
 b - a +0 scale mail (worn)
 c - a +0 shield (worn)
 q - a scarf of resistance (worn)
 v - a +0 pair of gloves (worn)
Jewellery
 j - a ring of resist corrosion (left hand)
 u - an uncursed ring of fire {unknown}
Scrolls
 h - 5 scrolls of identify {unknown}
 i - 2 scrolls of fog {unknown}
 o - a scroll of blinking {unknown}
 p - 3 scrolls of enchant armour {unknown}
 w - a scroll of magic mapping {unknown}
Potions
 d - a potion of magic {unknown}
 e - a potion of agility
 k - a potion of flight {unknown}
 l - 2 potions of curing
 m - a potion of haste {unknown}
 n - a potion of resistance {unknown}
 s - a potion of brilliance {unknown}
Comestibles
 f - a bread ration
 g - 2 meat rations
 r - a royal jelly


   Skills:
 + Level 3.8 Fighting
 + Level 4.2 Maces & Flails
 + Level 4.4 Armour
 + Level 1.0 Dodging
 + Level 1.0 Stealth
 + Level 4.9 Shields


You had 5 spell levels left.
You didn't know any spells.

Dungeon Overview and Level Annotations

Branches:
Dungeon (3/15)

Altars:
Elyvilon

Annotations:
D:3 Terence


Innate Abilities, Weirdness & Mutations

You are resistant to torment.
Your stone body is resilient. (AC +4)
You are immune to poison.
You resist negative energy. (rN+)
You are resistant to electric shocks. (rElec)
You can survive without breathing.
You are immune to petrification.
You are immune to rotting.


Message History

Things that are here:
an enchanted club; a robe; the human corpse of Jessica You're too confused to move!
The orc wizard gestures at you while chanting.
The magic dart hits you! Terence hits you but does no damage.
Something hits you but does no damage.
The orc wizard hits you but does no damage.
You hit something. The orc wizard casts a spell at you.
You resist with some effort. Terence hits you but does no damage.
Something hits you but does no damage. The worm bites you but does no damage.
The orc wizard closely misses you.
You miss something. The orc wizard casts a spell at you.
The magic dart hits you!
* * * LOW HITPOINT WARNING * * *
Something hits you but does no damage. Terence hits you but does no damage.
The orc wizard points at you and mumbles some strange words.
The magic dart hits you!
You die...

.......####.###.....#..# .#
.##.#...............##.## .# ###
....#..##.#.###.....##..##.#....
.........................)......
###.##†#........................
#.##.####...........[#.###..##
#.##..##..#####...........#...
###.###....##...##..............
....####[..#....@#{..##.........
. #....#...#.....)@..##.........
.##.##.....#....o#w.............
.##.......)##...##..............
)...###.#...#####.....##....##..
.##.###...............# #.###
.....##...............# ..
..##..................# ... #.
#.##...............#.....


You could see Terence, a worm and an orc wizard.

Vanquished Creatures
  Grinder (D:3)
  An orc wizard (D:3)
  Jessica (D:3)
  A worm (D:2)
  3 dart slugs (D:1)
  8 orcs (D:3)
  2 giant cockroaches
  3 hobgoblins
  5 jackals
  2 quokkas
  12 bats
  4 frilled lizards
  6 goblins
  4 kobolds
  2 rats (D:2)
55 creatures vanquished.

Notes
Turn   | Place    | Note
-------+----------+-------------------------------------------
     0 | D:1      | vishdafish the Gargoyle Fighter began the quest for the Orb.
     0 | D:1      | Reached XP level 1. HP: 14/14 MP: 1/1
   124 | D:1      | Reached XP level 2. HP: 15/19 MP: 2/2
   436 | D:1      | Reached XP level 3. HP: 23/23 MP: 3/3
   985 | D:2      | Found a white marble altar of Elyvilon.
  1475 | D:3      | Noticed Grinder
  1481 | D:3      | Paralysed by Grinder for 5 turns
  1708 | D:3      | Paralysed by Grinder for 7 turns
  1717 | D:3      | Paralysed by Grinder for 6 turns
  1730 | D:3      | Killed Grinder
  1730 | D:3      | Reached skill level 1 in Dodging
  1730 | D:3      | Reached XP level 4. HP: 11/29 MP: 4/4
  1730 | D:3      | Reached XP level 5. HP: 12/33 MP: 5/5
  1730 | D:3      | Reached XP level 6. HP: 14/38 MP: 6/6
  2224 | D:3      | Reached skill level 1 in Stealth
  2272 | D:3      | Noticed Jessica
  2278 | D:3      | Killed Jessica
  2301 | D:3      | Noticed Terence
  2333 | D:3      | Killed from afar by an orc wizard

Skill      XL: |  1  2  3  4  5  6 |
---------------+-------------------+-----
Maces & Flails | 3 4 |  4.2
Armour         | 4 |  4.4
Dodging        | 1 |  1.0
Shields        | 4 |  4.9
Stealth        | 1 |  1.0
Fighting       | |  3.8

Action                   |  1- 3 |  4- 6 || total
-------------------------+-------+-------++-------
Melee: Flail             |   150 |    82 ||   232
  Use: Potion            |     3 |       ||     3
       Scroll            |       |     4 ||     4
  Eat: Bread ration      |     1 |       ||     1
Armor: Scale mail        |    92 |    77 ||   169
Dodge: Dodged            |    70 |    43 ||   113
Block: Shield            |   101 |    65 ||   166
